[Event "Nordic Youth Chess Championships 2022: Class B - U17"]
[Site "Scandic Helsingborg Nord, Florettgatan 41, Helsingborg, Sweden"]
[Date "2022.08.26"]
[Round "2.3"]
[White "Domalchuk-Jonasson, Aleksandr"]
[Black "Elmi, Saad Abobaker"]
[Result "0-1"]
[WhiteElo "2174"]
[BlackElo "2110"]
[TimeControl "90 minutes with 30 seconds increment per move."]
[WhiteFideId "14142805"]
[BlackFideId "1553259"]

1.d4 Nf6 2.c4 e6 3.Nc3 Bb4 4.Qc2 d5 5.cxd5 exd5 6.Bf4 c6 7.a3 Bd6 8.Bg5 
O-O 9.e3 a5 10.Bd3 h6 11.Bh4 Re8 12.Nge2 Na6 13.h3 Nc7 14.O-O Ne6 15.Rae1 
Be7 16.f3 b6 17.Bf2 c5 18.dxc5 Bxc5 19.Rd1 Bb7 20.Bb5 Rf8 21.Qb1 Qe7 22.
Na4 Rfd8 23.Nd4 Bxd4 24.exd4 Qd6 25.Rc1 Nf4 26.Qf5 Ng6 27.Rfe1 Bc8 28.Qc2 
Bd7 29.Bxd7 Nxd7 30.Qc6 Qf4 31.Be3 Qg3 32.Qc7 Qh4 33.Nxb6 Nxb6 34.Qxb6 
Rab8 35.Qxa5 Rxb2 36.Rf1 Re2 37.Rce1 Rb2 38.Rf2 Rdb8 39.Qxd5 Qg3 40.Bd2 
Rxd2 41.Rfe2 Rxe2 0-1

[Event "Nordic Youth Chess Championships 2022: Class B - U17"]
[Site "Scandic Helsingborg Nord, Florettgatan 41, Helsingborg, Sweden"]
[Date "2022.08.26"]
[Round "2.4"]
[White "Unneland, Mathias"]
[Black "Apol, Luitjen Akselsson"]
[Result "1/2-1/2"]
[WhiteElo "2257"]
[BlackElo "2289"]
[TimeControl "90 minutes with 30 seconds increment per move."]
[WhiteTitle "FM"]
[WhiteFideId "1525581"]
[BlackFideId "7202466"]

1.d4 Nf6 2.c4 g6 3.Nc3 Bg7 4.e4 d6 5.Nf3 O-O 6.Be2 Na6 7.O-O e5 8.Re1 Bg4 
9.Be3 Bxf3 10.Bxf3 exd4 11.Bxd4 Nb4 12.Qb3 Nc6 13.Be3 Nd7 14.Rad1 Rb8 15.
Qc2 b6 16.a3 Nc5 17.Rd2 a5 18.b3 Re8 19.Nd5 a4 20.b4 Nb3 21.Rdd1 Nbd4 22.
Bxd4 Nxd4 23.Qd3 h5 24.g3 h4 25.Bg4 c6 26.Nc3 Kh7 27.Nxa4 Ra8 28.Nb2 Rh8 
29.f4 c5 30.Kg2 cxb4 31.axb4 Ra2 32.Rd2 Qa8 33.Re3 f5 34.Bf3 Nxf3 35.Kxf3 
Rxb2 36.Rxb2 Bxb2 37.Qxd6 fxe4+ 38.Rxe4 hxg3 39.Qd7+ Bg7 40.Qh3+ Bh6 41.
Qd7+ Bg7 1/2-1/2

[Event "Nordic Youth Chess Championships 2022: Class B - U17"]
[Site "Scandic Helsingborg Nord, Florettgatan 41, Helsingborg, Sweden"]
[Date "2022.08.26"]
[Round "2.5"]
[White "Polkki, Eino"]
[Black "Meskenas, Paulius"]
[Result "0-1"]
[WhiteElo "1757"]
[BlackElo "2177"]
[TimeControl "90 minutes with 30 seconds increment per move."]
[WhiteFideId "515779"]
[BlackFideId "12809969"]

1.d4 Nf6 2.c4 g6 3.Nc3 d5 4.Nf3 Bg7 5.Bg5 Ne4 6.Bf4 Nxc3 7.bxc3 dxc4 8.e3 
Qd5 9.Be2 Bf5 10.Bxc7 Nd7 11.O-O Rc8 12.Bg3 O-O 13.Nh4 Nf6 14.Nxf5 Qxf5 
15.Qa4 a6 16.Bf3 Ne4 17.Rfc1 Nxg3 18.hxg3 Rc7 19.Rab1 Rb8 20.Rb6 e5 21.
Rcb1 exd4 22.exd4 Qd3 23.Qb4 Bf8 24.Qb2 Re7 25.Rd1 Qf5 26.Bxb7 Qa5 27.Rb1 
Rbe8 28.Rf1 Re2 29.Qb1 Qxc3 30.Bxa6 Re1 31.d5 Rxb1 32.Rbxb1 Re2 0-1

[Event "Nordic Youth Chess Championships 2022: Class B - U17"]
[Site "Scandic Helsingborg Nord, Florettgatan 41, Helsingborg, Sweden"]
[Date "2022.08.26"]
[Round "2.6"]
[White "Nielsen, Jon I Horni"]
[Black "Vainikka, Toni"]
[Result "0-1"]
[WhiteElo "1995"]
[BlackElo "1995"]
[TimeControl "90 minutes with 30 seconds increment per move."]
[WhiteFideId "7202105"]
[BlackFideId "514861"]

1.e4 e5 2.Nf3 Nc6 3.Bb5 a6 4.Ba4 b5 5.Bb3 Nf6 6.O-O Be7 7.d3 O-O 8.c3 d6 
9.Re1 Na5 10.Bc2 c5 11.Nbd2 Re8 12.Nf1 Bf8 13.h3 Nc6 14.Bg5 h6 15.Bxf6 
Qxf6 16.Ne3 Be6 17.Bb3 Ne7 18.Nh2 g5 19.Neg4 Qg6 20.Qf3 Bg7 21.Nf1 f5 22.
exf5 Qxf5 23.Qxf5 Nxf5 24.Nge3 Bxb3 25.Nxf5 Bc2 26.Nxd6 Re6 27.Ne4 Bf8 28.
Re3 Rd8 29.Rg3 Bxd3 30.Rd1 c4 31.Ned2 Bc5 32.h4 Rf8 33.Ne3 Ref6 34.hxg5 
Rxf2 35.gxh6+ Kh8 36.Kh2 Re2 37.Nef1 e4 38.Kh3 e3 39.Nf3 Rxb2 40.Nxe3 Bxe3
41.Ne5 Bf5+ 42.Kh4 Bf2 0-1

[Event "Nordic Youth Chess Championships 2022: Class B - U17"]
[Site "Scandic Helsingborg Nord, Florettgatan 41, Helsingborg, Sweden"]
[Date "2022.08.27"]
[Round "3.1"]
[White "Ostlund, Joar"]
[Black "Liu, Casper"]
[Result "1-0"]
[WhiteElo "2257"]
[BlackElo "2328"]
[TimeControl "90 minutes with 30 seconds increment per move."]
[WhiteTitle "CM"]
[BlackTitle "FM"]
[WhiteFideId "1735020"]
[BlackFideId "1454153"]

1.d4 d5 2.c4 e6 3.Nc3 Nf6 4.cxd5 Nxd5 5.e4 Nxc3 6.bxc3 c5 7.Nf3 cxd4 8.
cxd4 Bb4+ 9.Bd2 Bxd2+ 10.Qxd2 O-O 11.Rc1 b6 12.Bd3 Bb7 13.O-O Nd7 14.Qf4 
h6 15.e5 Rc8 16.Nd2 f6 17.exf6 Nxf6 18.Qe5 Qd5 19.Qxd5 Nxd5 20.Be4 Ba6 21.
Bxd5 exd5 22.Rfe1 Rfe8 23.Rxe8+ Rxe8 24.Nf3 Re2 25.Rc7 Rxa2 26.h4 Be2 27.
Ne5 h5 28.Nc6 a5 29.Ne7+ Kh8 30.Nxd5 b5 31.Nc3 Ra1+ 32.Kh2 Bc4 33.Rc5 Bf7 
34.Rxb5 Rc1 35.Ne4 a4 36.Ra5 Ra1 37.Ra8+ Bg8 38.d5 Rd1 39.d6 Rd4 40.f3 Kh7
41.Ng5+ Kh8 42.Kg3 a3 43.Rxa3 Rxd6 44.Ra8 Rf6 45.Ne4 Rf5 46.Kf2 g6 47.Ra7 
Bd5 48.Ng5 Rf4 49.Rd7 Bg8 50.g3 Ra4 51.Ke3 Ra5 52.Ne4 Rf5 53.Rc7 Bd5 54.
Ng5 Re5+ 55.Kd4 Rf5 56.g4 Rf4+ 57.Kxd5 hxg4 58.Rc8+ 1-0

[Event "Nordic Youth Chess Championships 2022: Class B - U17"]
[Site "Scandic Helsingborg Nord, Florettgatan 41, Helsingborg, Sweden"]
[Date "2022.08.27"]
[Round "3.2"]
[White "Elmi, Saad Abobaker"]
[Black "Falkevall, Axel"]
[Result "1-0"]
[WhiteElo "2110"]
[BlackElo "2256"]
[TimeControl "90 minutes with 30 seconds increment per move."]
[BlackTitle "FM"]
[WhiteFideId "1553259"]
[BlackFideId "1735560"]

1.e4 c5 2.Nf3 d6 3.d4 cxd4 4.Nxd4 Nf6 5.Nc3 a6 6.f3 e5 7.Nb3 Be7 8.Be3 Be6
9.Qd2 h5 10.O-O-O Nbd7 11.Kb1 b5 12.Nd5 Bxd5 13.exd5 Nb6 14.Na5 Nbxd5 15.
Nc6 Qc7 16.Nxe7 Nxe3 17.Qxe3 Qxe7 18.Bd3 O-O 19.Qg5 g6 20.f4 Rae8 21.h3 
Nd7 22.Qh6 Qf6 23.f5 e4 24.Be2 Ne5 25.Rhf1 Nc4 26.Bxc4 bxc4 27.Rxd6 Qg7 
28.Qe3 gxf5 29.Rxf5 Re5 30.Rdf6 Rfe8 31.a3 Rxf5 32.Rxf5 Re5 33.Rf2 Rb5 34.
c3 Qg6 35.Ka2 Rd5 36.Re2 f5 37.Qa7 Qc6 38.Qb8+ Kh7 39.g4 Qb5 40.Qxb5 axb5 
41.gxf5 Re5 42.a4 Kg7 43.axb5 Kf6 44.Ka3 Kxf5 45.Kb4 e3 46.Kxc4 Ke4 47.b6 
Re8 48.Kb5 Kf3 49.Re1 e2 50.c4 Kf2 51.Ra1 e1=Q 52.Rxe1 Kxe1 53.b7 Kd2 54.
c5 Kc2 55.c6 Re3 56.b4 1-0

[Event "Nordic Youth Chess Championships 2022: Class B - U17"]
[Site "Scandic Helsingborg Nord, Florettgatan 41, Helsingborg, Sweden"]
[Date "2022.08.27"]
[Round "3.3"]
[White "Meskenas, Paulius"]
[Black "Unneland, Mathias"]
[Result "0-1"]
[WhiteElo "2177"]
[BlackElo "2257"]
[TimeControl "90 minutes with 30 seconds increment per move."]
[BlackTitle "FM"]
[WhiteFideId "12809969"]
[BlackFideId "1525581"]

1.e4 e5 2.Nf3 Nc6 3.d4 exd4 4.Nxd4 Nf6 5.Nxc6 bxc6 6.e5 Qe7 7.Qe2 Nd5 8.c4
Ba6 9.b3 g6 10.f4 g5 11.f5 O-O-O 12.Bb2 Qc5 13.Nd2 Ne3 14.Ne4 Qb6 15.Rc1 
Bb4+ 16.Bc3 Rhe8 17.Bxb4 Qxb4+ 18.Qd2 Qxd2+ 19.Kxd2 Rxe5 20.Kxe3 d5 21.
cxd5 Bxf1 22.Rhxf1 cxd5 23.Rc2 Rxe4+ 24.Kd3 Rd7 25.Rc6 Rd6 26.Rfc1 Rxc6 
27.Rxc6 Rh4 28.h3 g4 29.Rf6 Kb7 30.Rxf7 h5 31.hxg4 Rxg4 32.Rh7 Rxg2 33.
Rxh5 Kc6 34.Rh6+ Kc5 35.Ke3 Rxa2 36.Rh4 Ra3 37.Rh7 Rxb3+ 38.Ke2 Kd6 39.
Rh6+ Kd7 40.Ra6 Rb6 41.Ra5 Rd6 42.Kd3 a6 43.Kd4 Ke7 44.Rc5 Kd7 45.Ra5 c6 
46.Ra1 Ke7 47.Re1+ Kf6 48.Rf1 a5 49.Rf2 a4 50.Rf3 Rd8 51.Rc3 Rc8 52.Rc5 
Kxf5 53.Ra5 Rb8 54.Rxa4 Rb5 55.Ra1 Ke6 56.Rh1 Rb4+ 57.Kc3 Rc4+ 58.Kd3 Kd6 
59.Rh6+ Kc5 60.Rh1 Rg4 61.Rc1+ Kd6 62.Rh1 Rg6 63.Rh2 Rg3+ 64.Kd2 Kc5 65.
Rh6 Kb5 66.Kc2 c5 67.Rh4 d4 68.Rh2 c4 69.Rf2 Kb4 70.Kb2 c3+ 71.Kc2 d3+ 72.
Kb1 Rg1+ 73.Ka2 c2 0-1

[Event "Nordic Youth Chess Championships 2022: Class B - U17"]
[Site "Scandic Helsingborg Nord, Florettgatan 41, Helsingborg, Sweden"]
[Date "2022.08.27"]
[Round "3.4"]
[White "Briem, Benedikt"]
[Black "Domalchuk-Jonasson, Aleksandr"]
[Result "1/2-1/2"]
[WhiteElo "2223"]
[BlackElo "2174"]
[TimeControl "90 minutes with 30 seconds increment per move."]
[WhiteFideId "2315432"]
[BlackFideId "14142805"]

1.d4 Nf6 2.c4 e6 3.Nf3 d5 4.Nc3 a6 5.c5 b6 6.cxb6 cxb6 7.Bf4 Bd6 8.Bxd6 
Qxd6 9.e3 Nbd7 10.Bd3 Bb7 11.O-O b5 12.a3 O-O 13.Qe2 Rfc8 14.Rfc1 h6 15.
Rc2 Rc6 16.Rac1 Rac8 17.Nb1 Nb6 18.Rxc6 Rxc6 19.Rxc6 Qxc6 20.Qc2 Qxc2 21.
Bxc2 Kf8 22.b3 Ke7 23.Nc3 Nfd7 24.Kf1 Kd6 25.Ke1 f6 26.Ne2 g5 27.Kd2 Bc6 
28.Kc3 Nb8 29.Ne1 Be8 30.Nd3 Bg6 31.Nc5 Bxc2 32.Kxc2 N6d7 33.Nxd7 1/2-1/2

[Event "Nordic Youth Chess Championships 2022: Class B - U17"]
[Site "Scandic Helsingborg Nord, Florettgatan 41, Helsingborg, Sweden"]
[Date "2022.08.27"]
[Round "3.5"]
[White "Vainikka, Toni"]
[Black "Apol, Luitjen Akselsson"]
[Result "1/2-1/2"]
[WhiteElo "1995"]
[BlackElo "2289"]
[TimeControl "90 minutes with 30 seconds increment per move."]
[WhiteFideId "514861"]
[BlackFideId "7202466"]

1.d4 Nf6 2.c4 g6 3.Nc3 Bg7 4.e4 d6 5.Nf3 O-O 6.Be2 Na6 7.O-O e5 8.Re1 Bg4 
9.Be3 Bxf3 10.Bxf3 exd4 11.Bxd4 Nb4 12.Be3 Nd7 13.Qd2 Nc6 14.b3 Re8 15.
Rad1 Nf8 16.Nd5 Ne6 17.g3 h5 18.Bg2 a5 19.f4 Nc5 20.Qc2 Nd7 21.Bh3 Nf6 22.
Bf2 Qb8 23.a3 Ng4 24.Bxg4 hxg4 25.c5 dxc5 26.Qxc5 Re6 27.f5 Re5 28.fxg6 
fxg6 29.Qc4 Kh7 30.Be3 Rh5 31.Bf4 Ne5 32.Bxe5 Bxe5 33.Nf4 Qa7+ 34.Kg2 Rf8 
35.Rf1 Bxf4 36.Rd7+ Kh6 37.gxf4 Qe3 38.Qd3 Qc5 39.Qd2 Qc6 40.f5+ g5 41.Qd4
Rf6 42.Rc1 Qa6 43.Rc2 Rh3 44.Rdxc7 Rf3 45.Qc4 Qd6 46.Qg8 Kh5 47.Rh7+ Rh6 
48.Qf7+ Kh4 49.e5 Rf2+ 50.Kxf2 Qd4+ 51.Ke1 Qxe5+ 52.Kd1 Qd4+ 53.Rd2 Qa1+ 
54.Kc2 Qa2+ 55.Kd3 Qb1+ 56.Rc2 Qd1+ 57.Kc3 Qa1+ 58.Kd3 Qd1+ 59.Rd2 Qb1+ 
60.Kc4 Qc1+ 61.Kd3 1/2-1/2

[Event "Nordic Youth Chess Championships 2022: Class B - U17"]
[Site "Scandic Helsingborg Nord, Florettgatan 41, Helsingborg, Sweden"]
[Date "2022.08.27"]
[Round "3.6"]
[White "Polkki, Eino"]
[Black "Nielsen, Jon I Horni"]
[Result "1/2-1/2"]
[WhiteElo "1757"]
[BlackElo "1995"]
[TimeControl "90 minutes with 30 seconds increment per move."]
[WhiteFideId "515779"]
[BlackFideId "7202105"]

1.d4 Nf6 2.c4 e6 3.Nc3 d5 4.cxd5 exd5 5.Bg5 Be7 6.e3 c6 7.Bd3 O-O 8.h3 h6 
9.Bf4 Bd6 10.Bxd6 Qxd6 11.Nf3 Nbd7 12.O-O Re8 13.Qc2 Nf8 14.a3 Ne6 15.b4 
Ng5 16.Ne5 Qe7 17.Ne2 Nd7 18.f4 Ne4 19.Bxe4 dxe4 20.Ng3 f6 21.Nc4 Nb6 22.
Nd2 f5 23.Qc5 Nd5 24.Qxe7 Rxe7 25.Rfe1 b5 26.Nb3 g6 27.Rac1 Rc7 28.Na5 Bd7
29.Kf2 Kf7 30.Rc5 Ke6 31.Rec1 Kd6 32.Ne2 g5 33.g3 Rg8 34.Nc3 Be6 35.Ne2 
Rgc8 36.R5c2 Nb6 37.Nc3 Nc4 38.Nxc4+ Bxc4 39.Nb1 gxf4 40.gxf4 Bd3 41.Rc5 
Rg8 42.Nd2 h5 43.Rg1 Rxg1 44.Kxg1 Ke6 45.Kf2 h4 46.Ke1 a6 47.Kf2 Rc8 48.
Ke1 Rg8 49.Kf2 Rg3 50.Rxc6+ Kf7 51.d5 Rxh3 52.Nb3 Bc4 53.Nd4 Bxd5 54.Rxa6 
Bc4 55.Ra7+ Kg6 56.Ra6+ Kh5 57.Nxf5 Rf3+ 58.Kg2 h3+ 59.Kh2 Rf2+ 60.Kg3 
Rf3+ 61.Kh2 Rf2+ 62.Kg3 Rf3+ 63.Kh2 Kg4 64.Nh6+ Kh5 65.Nf5 Rf2+ 1/2-1/2

[Event "Nordic Youth Chess Championships 2022: Class B - U17"]
[Site "Scandic Helsingborg Nord, Florettgatan 41, Helsingborg, Sweden"]
[Date "2022.08.27"]
[Round "4.1"]
[White "Elmi, Saad Abobaker"]
[Black "Ostlund, Joar"]
[Result "1/2-1/2"]
[WhiteElo "2110"]
[BlackElo "2257"]
[TimeControl "90 minutes with 30 seconds increment per move."]
[BlackTitle "CM"]
[WhiteFideId "1553259"]
[BlackFideId "1735020"]

1.e4 e5 2.Nc3 Nf6 3.Bc4 Nxe4 4.Qh5 Nd6 5.Bb3 Be7 6.Qxe5 O-O 7.d4 Nc6 8.Qf4
Na5 9.Nge2 Nxb3 10.axb3 Ne8 11.d5 c6 12.O-O b6 13.Be3 Bb7 14.Rad1 Bd6 15.
Qf3 Qc7 16.Bf4 Rd8 17.Bxd6 Qxd6 18.dxc6 Bxc6 19.Rxd6 Bxf3 20.Rd4 Bxe2 21.
Nxe2 Nf6 22.f3 Rfe8 23.Kf2 Re5 24.Nc3 Rc8 25.Ra1 a5 26.Re1 Rxe1 27.Kxe1 
Kf8 28.Kd2 Ke7 29.Nd1 Ke6 30.Ne3 h5 31.Nc4 Rc6 32.c3 g6 33.Rd3 Nd5 34.g3 
g5 35.Na3 Rc5 1/2-1/2

[Event "Nordic Youth Chess Championships 2022: Class B - U17"]
[Site "Scandic Helsingborg Nord, Florettgatan 41, Helsingborg, Sweden"]
[Date "2022.08.27"]
[Round "4.2"]
[White "Liu, Casper"]
[Black "Unneland, Mathias"]
[Result "1-0"]
[WhiteElo "2328"]
[BlackElo "2257"]
[TimeControl "90 minutes with 30 seconds increment per move."]
[WhiteTitle "FM"]
[BlackTitle "FM"]
[WhiteFideId "1454153"]
[BlackFideId "1525581"]

1.d4 Nf6 2.c4 e6 3.g3 d5 4.Bg2 Be7 5.Nf3 O-O 6.Nc3 dxc4 7.Ne5 c5 8.dxc5 
Qxd1+ 9.Nxd1 Bxc5 10.O-O Nc6 11.Nxc6 bxc6 12.Be3 Bxe3 13.Nxe3 c3 14.bxc3 
Nd5 15.c4 Nxe3 16.fxe3 Rb8 17.Bxc6 Rb2 18.Kf2 Ba6 19.Rfc1 Rd8 20.Bf3 Rdd2 
21.Rab1 Kf8 22.c5 Ke7 23.c6 Bc8 24.Rd1 Rxa2 25.Rb7+ Bxb7 26.cxb7 Rdb2 27.
Rd2 Rxd2 28.b8=Q g6 29.g4 a5 30.g5 a4 31.Qb4+ Ke8 32.Bc6+ Kd8 33.Bb5 a3 
34.Bc4 Rac2 35.Qxa3 Rd7 36.Bb5 1-0

[Event "Nordic Youth Chess Championships 2022: Class B - U17"]
[Site "Scandic Helsingborg Nord, Florettgatan 41, Helsingborg, Sweden"]
[Date "2022.08.27"]
[Round "4.3"]
[White "Falkevall, Axel"]
[Black "Briem, Benedikt"]
[Result "1/2-1/2"]
[WhiteElo "2256"]
[BlackElo "2223"]
[TimeControl "90 minutes with 30 seconds increment per move."]
[WhiteTitle "FM"]
[WhiteFideId "1735560"]
[BlackFideId "2315432"]

1.e4 e6 2.d4 d5 3.e5 c5 4.c3 Qb6 5.Nf3 Bd7 6.Bd3 Bb5 7.O-O Bxd3 8.Qxd3 Nc6
9.dxc5 Bxc5 10.b4 Bf8 11.a3 Nge7 12.c4 dxc4 13.Qxc4 Ng6 14.Re1 Be7 15.Nc3 
O-O 16.Na4 Qd8 17.Bb2 Rc8 18.Qe4 Qc7 19.Rac1 Qb8 20.h4 Rfd8 21.h5 Nf8 22.
h6 gxh6 23.Qe3 Ng6 24.Qxh6 Bf8 25.Qh5 Nce7 26.g3 Bg7 27.Nc5 Rd5 28.Kg2 b6 
29.Ne4 Rxc1 30.Rxc1 h6 31.Qg4 Rd3 32.Nf6+ Bxf6 33.exf6 Nf5 34.Kg1 Rd5 35.
Re1 Kf8 36.Kh2 Qc7 37.Rc1 Qb7 38.Qc4 Rd8 39.Qc7 Qd5 40.Rc4 Kg8 41.Rg4 Rd7 
42.Qc3 Kh7 43.Nd4 h5 44.Rg5 Qxd4 45.Rxf5 Qxc3 46.Rxh5+ Kg8 47.Bxc3 Rd3 48.
Be1 Rd1 49.Bc3 Rd3 50.Be1 Rd1 51.Bc3 1/2-1/2

[Event "Nordic Youth Chess Championships 2022: Class B - U17"]
[Site "Scandic Helsingborg Nord, Florettgatan 41, Helsingborg, Sweden"]
[Date "2022.08.27"]
[Round "4.4"]
[White "Domalchuk-Jonasson, Aleksandr"]
[Black "Vainikka, Toni"]
[Result "1-0"]
[WhiteElo "2174"]
[BlackElo "1995"]
[TimeControl "90 minutes with 30 seconds increment per move."]
[WhiteFideId "14142805"]
[BlackFideId "514861"]

1.d4 d5 2.Nf3 Nf6 3.g3 c5 4.Bg2 cxd4 5.O-O g6 6.Nxd4 Bg7 7.c4 O-O 8.cxd5 
Nxd5 9.Nc3 Nxc3 10.bxc3 e5 11.Nb5 Qa5 12.Nd6 Qxc3 13.Bg5 Qc7 14.Nb5 Qb6 
15.Rb1 Bf5 16.e4 Be6 17.Be7 Bxa2 18.Bxf8 Bxf8 19.Rb2 Bc4 20.Qb1 Bxf1 21.
Bxf1 Nd7 22.Nc3 Qc6 23.Nd5 Nc5 24.Bb5 Qd6 25.Bc4 Kg7 26.Qa2 a6 27.Ne3 Qf6 
28.Bd5 Rb8 29.Qa1 b5 30.Kg2 h5 31.Rc2 Bd6 32.Qa5 Qd8 33.Qa2 Qe7 34.Rd2 b4 
35.Nc4 b3 36.Qa1 Bc7 37.Qa3 a5 38.Bc6 Qf8 39.f3 Ne6 40.Qa1 Nd4 41.Bd5 f6 
42.Qa4 Qe7 43.f4 Rb4 44.Qa3 Nc2 45.Qb2 Rxc4 46.Qxb3 Qb4 47.Qxb4 Ne1+ 48.
Kf1 Rxb4 49.Kxe1 exf4 50.Kf2 fxg3+ 51.hxg3 Be5 52.Ra2 Bc3 53.Kf3 Rb1 54.
Rc2 Bb4 55.Rc7+ Kh6 56.Ra7 Rb2 57.Ra6 Bc5 58.e5 f5 59.Kf4 Rf2+ 60.Bf3 Be7 
61.Ke3 Bc5+ 62.Kf4 Rb2 63.Bd5 Rb4+ 64.Kf3 Bb6 65.e6 Kg7 66.e7 Rb2 67.Rxb6 
1-0

[Event "Nordic Youth Chess Championships 2022: Class B - U17"]
[Site "Scandic Helsingborg Nord, Florettgatan 41, Helsingborg, Sweden"]
[Date "2022.08.27"]
[Round "4.5"]
[White "Apol, Luitjen Akselsson"]
[Black "Polkki, Eino"]
[Result "1/2-1/2"]
[WhiteElo "2289"]
[BlackElo "1757"]
[TimeControl "90 minutes with 30 seconds increment per move."]
[WhiteFideId "7202466"]
[BlackFideId "515779"]

1.e4 e5 2.Nf3 Nc6 3.Bb5 a6 4.Ba4 d6 5.c3 Bd7 6.O-O g6 7.h3 Bg7 8.d4 Nge7 
9.Be3 O-O 10.d5 Nb8 11.Bxd7 Nxd7 12.c4 h6 13.Nc3 Kh7 14.Qc2 Qe8 15.Rfe1 f5
16.exf5 gxf5 17.Rab1 1/2-1/2

[Event "Nordic Youth Chess Championships 2022: Class B - U17"]
[Site "Scandic Helsingborg Nord, Florettgatan 41, Helsingborg, Sweden"]
[Date "2022.08.27"]
[Round "4.6"]
[White "Nielsen, Jon I Horni"]
[Black "Meskenas, Paulius"]
[Result "1-0"]
[WhiteElo "1995"]
[BlackElo "2177"]
[TimeControl "90 minutes with 30 seconds increment per move."]
[WhiteFideId "7202105"]
[BlackFideId "12809969"]

1.e4 e5 2.Nf3 Nc6 3.Bb5 a6 4.Ba4 Nf6 5.O-O Nxe4 6.Bxc6 dxc6 7.Re1 Nd6 8.
Nxe5 Be7 9.d4 O-O 10.c3 Re8 11.Nd2 h6 12.Ndf3 Be6 13.Bf4 Bf8 14.Nd3 f6 15.
Rxe6 Rxe6 16.Qb3 Nc4 17.Qxc4 Qd5 18.Qxd5 cxd5 19.Bxc7 Rc8 20.Ba5 g5 21.Bb4
Bxb4 22.Nxb4 Rd6 23.Re1 Kf7 24.Nd2 a5 25.Nd3 b6 26.f4 Re6 27.f5 Rxe1+ 28.
Nxe1 h5 29.Kf2 Ke7 30.Nd3 Kd6 31.h4 Rg8 32.Nf3 g4 33.Nd2 g3+ 34.Ke3 Rg4 
35.Nf1 Rxh4 36.Nxg3 Rg4 37.Nxh5 Rxg2 38.Nxf6 Rg3+ 39.Ke2 Rg5 40.Nf4 Rxf5 
41.N6xd5 Rg5 42.Nxb6 1-0

[Event "Nordic Youth Chess Championships 2022: Class B - U17"]
[Site "Scandic Helsingborg Nord, Florettgatan 41, Helsingborg, Sweden"]
[Date "2022.08.28"]
[Round "5.1"]
[White "Liu, Casper"]
[Black "Elmi, Saad Abobaker"]
[Result "0-1"]
[WhiteElo "2328"]
[BlackElo "2110"]
[TimeControl "90 minutes with 30 seconds increment per move."]
[WhiteTitle "FM"]
[WhiteFideId "1454153"]
[BlackFideId "1553259"]

1.e4 c5 2.Nf3 d6 3.Bb5+ Nd7 4.a4 Nf6 5.Nc3 e6 6.O-O Be7 7.d4 cxd4 8.Qxd4 
O-O 9.Rd1 Qc7 10.Nd2 Ne5 11.b3 Nc6 12.Bxc6 bxc6 13.e5 dxe5 14.Qe3 Nd5 15.
Qg3 Ba6 16.Bb2 f6 17.Nce4 Rfd8 18.Kh1 Nf4 19.Qe3 Qb6 20.Qc3 Ne2 21.Qh3 c5 
22.Ba3 Qc6 23.Qe3 Rac8 24.f3 h6 25.Ng3 Nd4 26.Rac1 Bf8 27.c3 Nf5 28.Nxf5 
exf5 29.c4 Bb7 30.Nb1 Qb6 31.Nc3 f4 32.Qg1 Rd4 33.Nb5 Rxd1 34.Qxd1 Bc6 35.
Rb1 Rd8 36.Qc2 a6 37.Nc3 Qb7 38.Rd1 Rd4 39.Ne2 Rxd1+ 40.Qxd1 Qd7 41.Qc2 
Be7 42.Nc1 e4 43.fxe4 Bxe4 44.Qe2 f5 45.Bb2 Bg5 46.Kg1 Kh7 47.Qe1 f3 48.
gxf3 Bxf3 49.Qc3 Be4 50.Ne2 f4 0-1

[Event "Nordic Youth Chess Championships 2022: Class B - U17"]
[Site "Scandic Helsingborg Nord, Florettgatan 41, Helsingborg, Sweden"]
[Date "2022.08.28"]
[Round "5.2"]
[White "Ostlund, Joar"]
[Black "Domalchuk-Jonasson, Aleksandr"]
[Result "0-1"]
[WhiteElo "2257"]
[BlackElo "2174"]
[TimeControl "90 minutes with 30 seconds increment per move."]
[WhiteTitle "CM"]
[WhiteFideId "1735020"]
[BlackFideId "14142805"]

1.d4 Nf6 2.c4 e6 3.Nf3 d5 4.Nc3 Be7 5.Bf4 O-O 6.e3 b6 7.Bd3 c5 8.cxd5 Nxd5
9.Nxd5 exd5 10.dxc5 bxc5 11.O-O Nc6 12.Rc1 Qb6 13.Ne5 Be6 14.Qh5 f5 15.
Rfd1 Nxe5 16.Bxe5 g6 17.Qf3 Rac8 18.Qf4 Rfd8 19.Bb1 Bd6 20.a3 Bxe5 21.Qxe5
Qd6 22.Qxd6 Rxd6 23.Ba2 Kf7 24.Kf1 Ke7 25.Rd2 Rb6 26.Ke2 c4 27.f4 Rcb8 28.
Rcc2 Bf7 29.Ke1 Ke6 30.Kd1 Be8 31.Kc1 Ba4 32.Rc3 h6 33.Bb1 a5 34.Rf2 Kd7 
35.h3 h5 36.Rd2 Kc6 37.Bd3 Kc5 38.Be2 Rb3 39.Rxb3 Bxb3 40.Bf3 Rd8 41.Rd4 
Ba4 42.Kd2 Bc6 43.h4 Rb8 44.Kc2 Rb3 45.Rd2 Rxe3 46.Re2 d4 47.Rxe3 dxe3 48.
Kc3 Bxf3 49.gxf3 a4 50.Kc2 Kd4 51.Kc1 Kd3 52.Kd1 e2+ 53.Ke1 Ke3 54.b4 c3 
0-1

[Event "Nordic Youth Chess Championships 2022: Class B - U17"]
[Site "Scandic Helsingborg Nord, Florettgatan 41, Helsingborg, Sweden"]
[Date "2022.08.28"]
[Round "5.3"]
[White "Unneland, Mathias"]
[Black "Falkevall, Axel"]
[Result "1-0"]
[WhiteElo "2257"]
[BlackElo "2256"]
[TimeControl "90 minutes with 30 seconds increment per move."]
[WhiteTitle "FM"]
[BlackTitle "FM"]
[WhiteFideId "1525581"]
[BlackFideId "1735560"]

1.d4 Nf6 2.c4 g6 3.Nc3 Bg7 4.e4 d6 5.Nf3 O-O 6.Be2 Nbd7 7.O-O e5 8.Be3 Qe7
9.Qc2 c6 10.d5 c5 11.h3 Kh8 12.g4 Ng8 13.Bd3 Bh6 14.g5 Bg7 15.Kg2 Nb8 16.
Rh1 Na6 17.a3 f5 18.Rag1 Nc7 19.Kf1 Qf7 20.h4 Ne7 21.h5 Kg8 22.Nh4 f4 23.
hxg6 hxg6 24.Bd2 Bd7 25.b4 b6 26.f3 Rfc8 27.Kf2 Ne8 28.b5 Nc7 29.a4 Rd8 
30.a5 Rab8 31.a6 Nc8 32.Nf5 gxf5 33.exf5 e4 34.Nxe4 Bd4+ 35.Kf1 Ne8 36.
Nf6+ Nxf6 37.gxf6+ Bxg1 38.Bc3 Ne7 39.fxe7 Bd4 40.exd8=Q+ Rxd8 41.Bxd4 
cxd4 42.Qh2 Kf8 43.Qh8+ Ke7 44.f6+ 1-0

[Event "Nordic Youth Chess Championships 2022: Class B - U17"]
[Site "Scandic Helsingborg Nord, Florettgatan 41, Helsingborg, Sweden"]
[Date "2022.08.28"]
[Round "5.4"]
[White "Briem, Benedikt"]
[Black "Nielsen, Jon I Horni"]
[Result "0-1"]
[WhiteElo "2223"]
[BlackElo "1995"]
[TimeControl "90 minutes with 30 seconds increment per move."]
[WhiteFideId "2315432"]
[BlackFideId "7202105"]

1.d4 Nf6 2.c4 e6 3.Nf3 b6 4.g3 Bb7 5.Bg2 Be7 6.O-O O-O 7.Nc3 d5 8.cxd5 
Nxd5 9.Nxd5 Bxd5 10.Re1 Be4 11.Qa4 c5 12.dxc5 Bc6 13.Qc2 Bxc5 14.Bf4 Qe7 
15.a3 Rc8 16.b4 Bd6 17.Ng5 g6 18.Rac1 Bxf4 19.gxf4 h6 20.Nh3 Kh7 21.b5 
Bxg2 22.Qxc8 Nd7 23.Qc3 Bxh3 24.Qxh3 Nc5 25.Qf3 Rg8 26.Kh1 Qd7 27.Rb1 Rd8 
28.Kg2 Qe8 29.Qc3 Rd5 30.Red1 Rf5 31.Rb4 e5 32.fxe5 Rxe5 33.Rbd4 Qxb5 34.
Qf3 Rf5 35.Rf4 Rxf4 36.Qxf4 Qb3 37.Rd8 Qe6 38.Rd6 Qe8 39.e3 Ne6 40.Qe5 Qa4
41.Qf6 Kg8 42.f4 Qe4+ 43.Kf2 Qc2+ 44.Kf3 Qxh2 45.Qc3 Qh3+ 46.Kf2 Qh2+ 47.
Ke1 Qg3+ 48.Kd1 g5 49.Rc6 gxf4 50.Rc8+ Nf8 51.exf4 Qxf4 52.Qc7 Qf3+ 53.Ke1
Qxa3 54.Qc6 Qe3+ 55.Kd1 Kg7 56.Qg2+ Ng6 57.Qa8 Qd4+ 58.Kc1 a5 59.Qb7 a4 
60.Rc7 Qe3+ 61.Kd1 Qb3+ 62.Kd2 a3 63.Rc3 Qb2+ 64.Rc2 Qd4+ 65.Kc1 Qa1+ 66.
Kd2 Qd4+ 67.Kc1 Qg1+ 68.Kd2 a2 69.Rxa2 Qf2+ 70.Kd1 Qxa2 71.Qxb6 Qd5+ 72.
Kc2 h5 73.Qb2+ Qe5 74.Qb7 h4 75.Kd1 h3 76.Qh1 Qa1+ 0-1

[Event "Nordic Youth Chess Championships 2022: Class B - U17"]
[Site "Scandic Helsingborg Nord, Florettgatan 41, Helsingborg, Sweden"]
[Date "2022.08.28"]
[Round "5.5"]
[White "Meskenas, Paulius"]
[Black "Apol, Luitjen Akselsson"]
[Result "1/2-1/2"]
[WhiteElo "2177"]
[BlackElo "2289"]
[TimeControl "90 minutes with 30 seconds increment per move."]
[WhiteFideId "12809969"]
[BlackFideId "7202466"]

1.e4 c5 2.Nf3 d6 3.Bb5+ Nd7 4.a4 a6 5.Be2 Ngf6 6.Nc3 b6 7.d4 cxd4 8.Qxd4 
Bb7 9.O-O e6 10.Rd1 Qc7 11.Nd2 d5 12.exd5 Bc5 13.Qh4 Nxd5 14.Nde4 Be7 15.
Bg5 Bxg5 16.Qxg5 O-O 17.Nxd5 Bxd5 18.Nc3 Bb7 19.Rd3 h6 20.Qe7 Bc6 21.Rad1 
Rfe8 22.Qd6 Qb7 23.Rg3 Nf6 24.Qe5 Qe7 25.Rd6 Rec8 26.h4 Kf8 27.Bf3 Bxf3 
28.Rxf3 b5 29.Ne4 Nxe4 30.Rxe6 Qb7 31.Qxe4 Qxe4 32.Rxe4 Rxc2 33.axb5 
1/2-1/2